 Dungeon Crawl Stone Soup version 0.30.0-13-g156ef70053 (webtiles) character file.

Game seed: 2564743423789902183

126 Chodeload the Insei (level 5, -1/41 HPs)
             Began as a Djinni Wanderer on May 17, 2023.
             Slain by a hound (4 damage)
             ... on level 3 of the Dungeon.
             The game lasted 00:03:31 (2403 turns).

Chodeload the Insei (Djinni Wanderer)               Turns: 2403, Time: 00:03:32

Health: -1/41      AC:  2    Str: 11    XL:     5   Next: 32%
Gold:   134        EV: 12    Int: 15    God:
                   SH:  5    Dex: 13

rFire   + +          .
                       - Unarmed
rCold   x . .        (no shield)
rNeg    . . .        e - +0 robe
rPois   ∞            (no helmet)
rElec   .            (no cloak)
rCorr   .            (no gloves)
SInv    .            (boots unavailable)
Will    .....        k - amulet of reflection
Stlth   +            (no ring)
HPRegen 0.26/turn    (no ring)
MPRegen 0.00/turn

%: reflection, infuse magic (-2 HP)
@: flying
A: sickness immunity, fire resistance 2, cold vulnerability 1, float, innate
caster, HP casting, extra vitality 1
a: no special abilities


You were on level 3 of the Dungeon.
You visited 1 branch of the dungeon, and saw 3 of its levels.

You collected 134 gold pieces.

Inventory:

Missiles
 a - 25 stones
Armour
 e - a +0 robe (worn)
Jewellery
 k - an amulet of reflection (around neck)
Wands
 p - a wand of flame (19)
Scrolls
 c - 2 scrolls of fog
 f - 2 scrolls of blinking
 g - a scroll of teleportation
 h - a scroll of vulnerability {unknown}
 j - 2 scrolls of silence
 l - 5 scrolls of immolation
 m - a scroll of fear {unknown}
 o - a scroll of identify
 r - a scroll of enchant weapon {unknown}
Potions
 b - a potion of haste
 d - a potion of mutation
 i - 2 potions of brilliance
 n - 2 potions of heal wounds {unknown}
 q - a potion of flight {unknown}


   Skills:
 + Level 4.0 Fighting
 - Level 1.0 Armour
 + Level 2.6 Dodging
 - Level 4.0 Unarmed Combat
 + Level 2.5 Spellcasting


You knew the following spells:

 Your Spells              Type           Power      Damage    Failure   Level
a - Ignite Poison         Fire/Tmut/Pois 9%         N/A       22%         3
b - Sting                 Tmut/Pois      36%        1d4       8%          1
c - Apportation           Tloc           18%        N/A       8%          1
d - Poisonous Vapours     Pois/Air       18%        N/A       11%         2

Your spell library contained the following spells:

 Spells                   Type           Power      Damage    Failure   Level


Dungeon Overview and Level Annotations

Branches:
Dungeon (3/15)

Altars:


Innate Abilities, Weirdness & Mutations

You are immune to sickness and miasma.
You are immune to poison.
Your flesh is very heat resistant. (rF++)
You are vulnerable to cold. (rC-)
You float through the air rather than walking.
You learn spells naturally, not from books.
Your magical power is your life essence.
You have superior vitality. (+4 MHP)


Message History

The gnoll hits you from afar with a +0 halberd.
The hound bites you.
You are too injured to fight recklessly!
You are too injured to fight recklessly!
Casting: Sting (safe; 8% risk of failure)
Confirm with . or Enter, or press ? or * to list all spells.
Aiming: Poisonous Vapours (safe; 12% risk of failure)
Press: ? - help, Dir - move target, f - gnoll
Aim: a gnoll, wielding a +0 halberd Poisonous vapours surround the gnoll!
The gnoll is poisoned.
You block the hound's attack. The gnoll barely misses you.
The hound closely misses you.
Casting: Poisonous Vapours (safe; 12% risk of failure)
Confirm with . or Enter, or press ? or * to list all spells.
Aiming: Poisonous Vapours (safe; 12% risk of failure)
Press: ? - help, Dir - move target, f/p - gnoll
Aim: a gnoll, wielding a +0 halberd (lightly wounded, poisoned) Poisonous vapours surround the gnoll!
The gnoll looks even sicker.
The gnoll barely misses you. The hound bites you.
* * * LOW HITPOINT WARNING * * *
You block the hound's attack. The hound attacks as you move away!
You block the hound's attack.
Found a smoky sapphire potion.
The hound bites you.
* * * LOW HITPOINT WARNING * * *
The hound attacks as you move away! The hound misses you.
The hound closely misses you. The hound barely misses you.
The hound attacks as you move away! The hound bites you.
* * * LOW HITPOINT WARNING * * *
You kill the gnoll!
Casting: Poisonous Vapours (safe; 11% risk of failure)
Confirm with . or Enter, or press ? or * to list all spells.
Aiming: Poisonous Vapours (safe; 11% risk of failure)
Press: ? - help, Dir - move target, f - hound
Aim: a hound Poisonous vapours surround the hound!
The hound is poisoned.
* * * LOW HITPOINT WARNING * * *
You block the hound's attack. The hound bites you.
You die...

#...†...#.##.###.# .#####
#..P#...#....# #.#
.#...## #...#
..####.###.# ......######
#...# ## #.....#
....^......### #.)##
###.#.# .............#
##.# #.#.# .......##..#.#
#.# #.#.#
......###..#.####h# ###
#....
..<........#....@.###.##
#####
###.#####..#########...##
# .##.### #..#
##.....#########
......###..#
##.......#.......
....#......#
#............#...
#.###.###.##
##.......#....>..
#.###.###.#
##.....##.###...
#.##...##.# ##††.###.#
#... ..........# ##.##
#.#####.


You could see a hound (poisoned).

Vanquished Creatures
  A hound (D:3)
  Terence (D:3)
  A gnoll (D:3)
  2 adders (D:2)
  A worm (D:2)
  5 ball pythons
  2 endoplasms (D:1)
  6 goblins
  6 hobgoblins
  5 kobolds
  A quokka (D:2)
  4 bats
  2 frilled lizards (D:1)
  6 rats
43 creatures vanquished.

Notes
Turn   | Place    | Note
-------+----------+-------------------------------------------
     0 | D:1      | Chodeload the Djinni Wanderer began the quest for the Orb.
     0 | D:1      | Chodeload set off with the following items: a +0 dagger, a
                  | potion of haste, a scroll of fog, a potion of mutation, a
                  | +0 robe, a scroll of blinkingthe following spells
                  | memorised: Ignite Poison, Sting.
     0 | D:1      | Reached XP level 1. HP: 20/20 MP: 0/0
    98 | D:1      | You are sucked into a shaft and drop 1 floor!
   241 | D:2      | Reached XP level 2. HP: 18/25 MP: 0/0
   324 | D:1      | Reached skill level 1 in Dodging
   902 | D:2      | Reached XP level 3. HP: 19/30 MP: 0/0
   902 | D:2      | Learned a level 1 spell: Apportation
  1336 | D:2      | Reached XP level 4. HP: 34/36 MP: 0/0
  1725 | D:3      | Noticed Terence
  1744 | D:3      | Killed Terence
  2388 | D:3      | Reached XP level 5. HP: 39/41 MP: 0/0
  2388 | D:3      | Learned a level 2 spell: Poisonous Vapours
  2403 | D:3      | Slain by a hound

Illustrated notes

Levels and vault maps discovered:
D:1:      wheals_arrival_linesprint, layout_rooms, serial_glass,
          glass_columns_b, glass_columns_b, item_on_display_a,
          minmay_strange_pillars, minmay_liquid_box
D:2:      layout_loops_ring
D:3:      layout_loops_ring, cheibrodos_gnoll_hut, uniq_terence

Skill      XL: |  1  2  3  4 |
---------------+-------------+-----
Dodging        | 1 2 |  2.6
Spellcasting   | 2 |  2.5
Fighting       | 4 |  4.0
Armour         | |  1.0
Unarmed Combat | |  4.0

Action                     |  1- 3 |  4- 6 || total
---------------------------+-------+-------++-------
  Melee: Unarmed           |   125 |    42 ||   167
         Dagger            |     2 |       ||     2
         Punch             |     4 |       ||     4
   Cast: Sting             |       |     6 ||     6
         Poisonous Vapours |       |     3 ||     3
    Use: Scroll            |     4 |       ||     4
   Stab: Sleeping          |     3 |       ||     3
 Armour: Robe              |    15 |     4 ||    19
  Dodge: Dodged            |    53 |    37 ||    90
  Block: Other             |    10 |    10 ||    20
